 Dungeon Sprint DCSS version 0.20-a0-1124-g2e29d97 (webtiles) character file.

2531 potatolord6000 the Fighter (level 9, -9/65 HPs)
             Began as a Gargoyle Fighter on May 15, 2017.
             Was an Initiate of Gozag.
             Mangled by a six-headed hydra (11 damage)
             ... in the Dungeon (Sprint IX: "|||||||||||||||||||||||||||||").
             The game lasted 00:03:16 (580 turns).

potatolord6000 the Fighter (Gargoyle Fighter)        Turns: 580, Time: 00:03:16

Health: -9/65      AC: 20    Str: 23    XL:     9   Next: 55%
Magic:  9/9        EV: 11    Int:  9    God:    Gozag
Gold:   910        SH: 13    Dex: 12    Spells: 8/8 levels left

rFire    . . .     SeeInvis .   r - +0 flail (pain)
rCold    + . .     Gourm    .   c - +0 shield
rNeg     + . .     Faith    .   q - +1 scale mail
rPois    ∞         Spirit   .   p - +0 helmet
rElec    +         Reflect  .   (no cloak)
rCorr    .         Harm     .   a - +2 pair of gloves
MR       .....     NoTele   +   (no boots)
Stlth    ..........             (no amulet)
Regen    0.2/turn               b - +2 ring of evasion
MPRegen  0.2/turn               n - +3 ring of dexterity

@: gold aura, very slightly contaminated, slowed, very slow
A: cold resistance 1, negative energy resistance 1, electricity resistance, wild
magic 1, unbreathing, petrification resistance, rot immunity, AC +5
a: Potion Petition, Call Merchant, Bribe Branch, Renounce Religion


You were in the Dungeon.
You worshipped Gozag.
Gozag was pleased with you.
You were not hungry.

You visited 1 branch You collected 910 gold pieces.

Inventory:

Hand Weapons
 r - a +0 flail of pain (weapon)
Armour
 a - a +2 pair of gloves (worn)
 c - a +0 shield (worn)
 p - a +0 helmet (worn)
 q - a +1 scale mail (worn)
Jewellery
 b - a +2 ring of evasion (left hand)
 n - a +3 ring of dexterity (right hand)
Scrolls
 k - 2 scrolls of blinking
 l - 3 scrolls of remove curse
 m - 2 scrolls of amnesia
 o - 2 scrolls of enchant weapon
 s - a scroll of fog
 t - 2 scrolls of identify
 u - a scroll of recharging
Potions
 d - a potion of brilliance
 e - 6 potions of curing
 g - 5 potions of heal wounds
 i - 4 potions of magic
Comestibles
 f - a bread ration


   Skills:
 + Level 12.1 Fighting
 + Level 11.0 Maces & Flails
 + Level 12.0 Armour
 + Level 12.0 Shields


You had 8 spell levels left.
You didn't know any spells.

Dungeon Overview and Level Annotations

Branches:
Dungeon (1/1)

Altars:
Cheibriados
Dithmenos
Elyvilon
Fedhas
Gozag
Hepliaklqana
Kikubaaqudgha
Makhleb
Nemelex Xobeh
Okawaru
Qazlal
Ru
Sif Muna
Trog
Uskayaw
Vehumet
Wu Jian
Xom
Yredelemnul
Zin
The Shining One
Beogh
Jiyva
Lugonu


Innate Abilities, Weirdness & Mutations

You are resistant to torment.
Your stone body is resilient. (AC +5)
You are immune to poison.
You resist negative energy. (rN+)
You are resistant to electric shocks. (rElec)
You can survive without breathing.
You are immune to petrification.
You are immune to rotting.
Your flesh is cold resistant. (rC+)
Your spells are a little harder to cast, but a little more powerful.


Message History

The six-headed hydra barely misses you.
You block the six-headed hydra's attack.
The six-headed hydra bites you but does no damage.
The six-headed hydra is distracted by the nearby gold.
The six-headed hydra roars!
You hit the six-headed hydra.
The six-headed hydra is no longer distracted by gold.
The six-headed hydra is almost dead.
The six-headed hydra bites you.
* * * LOW HITPOINT WARNING * * *
You block the six-headed hydra's attack.
The six-headed hydra barely misses you. The six-headed hydra bites you!
* * * LOW HITPOINT WARNING * * *
You block the six-headed hydra's attack. x2
The six-headed hydra bites you.
* * * LOW HITPOINT WARNING * * *
You block the six-headed hydra's attack.
The six-headed hydra bites you!
You die...
Your body crumbles into a pile of gold.

▓▓▓▓▓▓▓▓▓▓▓▓▓▓▓▓▓▓▓▓▓▓▓▓▓▓▓▓▓▓▓▓▓
_______________________'.....'...
▓▓▓▓▓▓▓▓▓▓▓▓▓▓▓▓▓▓▓▓▓▓▓▓▓▓▓▓▓▓▓▓▓
.................................
▓▓▓▓▓▓▓▓▓▓▓▓▓▓▓▓▓▓▓▓▓▓▓▓▓▓▓▓▓▓▓▓▓
....rFD@.$.....[)......'
▓▓▓▓▓▓▓▓▓▓▓▓▓▓▓▓▓▓▓▓▓▓▓▓


$$$$$$$$$$$$ $$$$$$$$$$$$$ You could see a six-headed hydra, a bullfrog and a
porcupine.

Vanquished Creatures
  A two-headed ogre (D)
  2 komodo dragons (D)
  2 spiny frogs (D)
  A hippogriff (D)
  2 porcupines (D)
  A black bear (D)
  A big kobold (D)
  2 bullfrogs (D)
  A wight (D)
  A hound (D)
  A jelly (D)
  A worker ant (D)
  An adder (D)
  An adder skeleton (D)
  A worm (D)
  A dart slug (D)
  A bat skeleton (D)
  A bat zombie (D)
  A hobgoblin (D)
  A kobold (D)
  A bat (D)
  A frilled lizard (D)
  A leopard gecko zombie (D)
  A quokka zombie (D)
28 creatures vanquished.

Notes
Turn   | Place    | Note
-------+----------+-------------------------------------------
     0 | D        | potatolord6000 the Gargoyle Fighter began the quest for the Orb.
     0 | D        | Reached XP level 1. HP: 14/14 MP: 1/1
    21 | D        | Reached XP level 2. HP: 18/20 MP: 2/2
    33 | D        | Reached XP level 3. HP: 17/24 MP: 3/3
    39 | D        | Reached skill level 5 in Fighting
    51 | D        | Found a roughly hewn altar of Beogh.
    51 | D        | Found a snail-covered altar of Cheibriados.
    51 | D        | Found a shadowy altar of Dithmenos.
    51 | D        | Found a white marble altar of Elyvilon.
    51 | D        | Found a blossoming altar of Fedhas.
    51 | D        | Found an opulent altar of Gozag.
    52 | D        | Found a hazy altar of Hepliaklqana.
    53 | D        | Found a viscous altar of Jiyva.
    54 | D        | Found an ancient bone altar of Kikubaaqudgha.
    55 | D        | Found a corrupted altar of Lugonu.
    56 | D        | Found a burning altar of Makhleb.
    57 | D        | Found a sparkling altar of Nemelex Xobeh.
    58 | D        | Found an iron altar of Okawaru.
    59 | D        | Became a worshipper of Gozag Ym Sagoz the Greedy
    60 | D        | Found a stormy altar of Qazlal.
    61 | D        | Found a sacrificial altar of Ru.
    62 | D        | Found a deep blue altar of Sif Muna.
    63 | D        | Found a bloodstained altar of Trog.
    64 | D        | Found a hide-covered altar of Uskayaw.
    65 | D        | Found a radiant altar of Vehumet.
    66 | D        | Found an ornate altar of the Wu Jian Council.
    67 | D        | Found a shimmering altar of Xom.
    68 | D        | Found a basalt altar of Yredelemnul.
    69 | D        | Found a glowing silver altar of Zin.
    70 | D        | Found a glowing golden altar of the Shining One.
   147 | D        | Noticed a big kobold
   147 | D        | Noticed a bullfrog
   147 | D        | Noticed a black bear
   147 | D        | Noticed a two-headed ogre
   154 | D        | Killed a two-headed ogre
   154 | D        | Reached XP level 4. HP: 36/36 MP: 4/4
   154 | D        | Reached XP level 5. HP: 41/41 MP: 5/5
   154 | D        | Reached XP level 6. HP: 47/47 MP: 6/6
   154 | D        | Reached XP level 7. HP: 51/51 MP: 7/7
   175 | D        | Reached skill level 10 in Fighting
   175 | D        | Reached skill level 10 in Armour
   175 | D        | Reached XP level 8. HP: 55/57 MP: 8/8
   198 | D        | Noticed a hippogriff
   201 | D        | Reached skill level 10 in Shields
   226 | D        | Killed a hippogriff
   460 | D        | Gained mutation: Your flesh is cold resistant. (rC+) [potion of mutation]
   460 | D        | Gained mutation: Your spells are a little harder to cast, but a little more powerful. [potion of mutation]
   500 | D        | Noticed a komodo dragon
   500 | D        | Noticed a spiny frog
   500 | D        | Noticed a komodo dragon
   500 | D        | Noticed a spiny frog
   502 | D        | Noticed a six-headed hydra
   534 | D        | Killed a spiny frog
   534 | D        | Reached skill level 10 in Maces & Flails
   544 | D        | Reached XP level 9. HP: 32/64 MP: 9/9
   564 | D        | Killed a komodo dragon
   567 | D        | Killed a spiny frog
   572 | D        | Killed a komodo dragon
   580 | D        | HP: 3/65 [six-headed hydra (8)]
   580 | D        | Mangled by a six-headed hydra

Vault maps used:
D:        linesprint

Skill      XL: |  1  2  3  4  5  6  7  8  9 |
---------------+----------------------------+-----
Fighting       | 4 9 10 11 12 | 12.1
Maces & Flails | 3 8 10 11 | 11.0
Armour         | 4 9 10 11 12 | 12.0
Shields        | 4 9 11 12 | 12.0

Action                   |  1- 3 |  4- 6 |  7- 9 || total
-------------------------+-------+-------+-------++-------
Melee: Flail             |    38 |       |   136 ||   174
  Use: Potion            |     3 |       |     4 ||     7
 Stab: Invisible         |       |       |     6 ||     6
Armor: Scale mail        |    12 |       |    54 ||    66
Dodge: Dodged            |    10 |       |    52 ||    62
Block: Shield            |    12 |       |    68 ||    80
